 Dungeon Crawl Stone Soup version 0.24-a0-285-g3c078ff (webtiles) character file.

Game seed: 17013203981723941086

18659 galech the Cleaver (level 12, -1/94 HPs)
             Began as a Demonspawn Fighter on May 7, 2019.
             Was the Champion of Okawaru.
             Slain by a tentacled starspawn (12 damage)
             ... on level 2 of the Abyss.
             The game lasted 00:17:26 (10827 turns).

galech the Cleaver (Demonspawn Fighter)            Turns: 10827, Time: 00:17:26

Health: -1/94      AC: 17    Str: 17    XL:     12   Next: 29%
Magic:  0/12       EV: 10    Int:  9    God:    Okawaru [******]
Gold:   423        SH: 16    Dex: 20    Spells: 11/11 levels left

rFire    + + .     SeeInvis +   x - +2 hand axe (elec)
rCold    . . .     Gourm    .   c - +0 shield
rNeg     . . .     Faith    .   R - +0 plate armour {rF+}
rPois    .         Spirit   +   (helmet restricted)
rElec    .         Reflect  +   M - +0 cloak
rCorr    .         Harm     .   (no gloves)
MR       .....                  (no boots)
Stlth    ..........             F - +2 amulet of reflection
HPRegen  0.25/turn              C - ring of protection from fire
MPRegen  0.26/turn              D - ring of see invisible

@: heroism
A: antennae 2, thin skeletal structure 1, powered by death 2, magic shield,
magic regeneration, magic link
a: Heroism, Finesse, Renounce Religion


You were on level 2 of the Abyss.
You worshipped Okawaru.
Okawaru was exalted by your worship.
You were hungry.

You visited 1 branch of the dungeon, and saw 11 of its levels.
You visited the Abyss 1 time.
You also visited: Ossuary.

You collected 803 gold pieces.
You spent 380 gold pieces at shops.

Inventory:

Hand Weapons
 a - a +0 war axe
 b - a +3 scimitar of flaming
 x - a +2 hand axe of electrocution (weapon)
Armour
 c - a +0 shield (worn)
 r - a +2 robe of positive energy
 M - a +0 cloak (worn)
 R - a +0 plate armour of fire resistance (worn)
Jewellery
 l - an uncursed amulet of regeneration
 C - a ring of protection from fire (left hand)
 D - a ring of see invisible (right hand)
 F - a +2 amulet of reflection (around neck)
Wands
 A - a wand of clouds (7)
 G - a wand of enslavement (7)
 H - a wand of acid (10)
 K - a wand of iceblast (18)
 O - a wand of digging (7)
 Q - a wand of flame (10)
Scrolls
 h - 6 scrolls of teleportation
 k - 4 scrolls of fear
 n - 2 scrolls of blinking
 o - 5 scrolls of remove curse
 p - 2 scrolls of fog
 s - 2 scrolls of enchant armour
 u - 2 scrolls of immolation {unknown}
 w - a scroll of random uselessness
 y - 3 scrolls of amnesia
 N - 2 scrolls of identify
Potions
 d - 4 potions of might
 e - 2 potions of brilliance
 g - 4 potions of lignification {unknown}
 i - 2 potions of mutation {unknown}
 m - 3 potions of heal wounds {unknown}
 q - 3 potions of flight
 t - 4 potions of haste {unknown}
 v - 3 potions of resistance {unknown}
 z - 8 potions of curing
 B - a potion of berserk rage
 E - a potion of agility
 I - 3 potions of cancellation
 J - a potion of ambrosia
 L - 2 potions of invisibility
Comestibles
 f - 16 rations


   Skills:
 + Level 8.7(13.7) Fighting
 + Level 12.4(17.4) Axes
 + Level 8.1(13.1) Armour
 + Level 2.5(7.5) Dodging
 + Level 1.5(6.5) Stealth
 + Level 9.2(14.2) Shields
 + Level 1.2 Invocations


You had 11 spell levels left.
You didn't know any spells.
Your spell library contained the following spells:

 Spells                   Type           Power        Failure   Level  Hunger
 Magic Dart               Conj           #...         100%        1    ##.....
 Searing Ray              Conj           #.....       100%        2    ###....
 Dazzling Spray           Conj/Hex       #.....       100%        3    ####...
 Force Lance              Conj/Tloc      #.......     100%        4    #####..
 Fulminant Prism          Conj/Hex       #.........   100%        4    #####..
 Iskenderun's Mystic Bla  Conj           #.......     100%        4    #####..


Dungeon Overview and Level Annotations

Branches:
Dungeon (11/15)            Temple (0/1) D:7            Lair (0/6) D:8
    Orc (0/2) D:9

Altars:
Ashenzari
Elyvilon
Gozag
Hepliaklqana
Kikubaaqudgha
Okawaru
Ru
Uskayaw
Wu Jian
Xom
The Shining One

Shops:
D:8 *   D:9 :[}

Annotations:
D:6 3 runed translucent doors, PeterLawrence's ghost, novice MiFi
D:7 3 runed translucent doors, psellion's ghost, novice MiHu
D:8 exclusion: ice statue
D:10 2 transporters, likster's ghost, novice MiFi
D:11 exclusion: 4 oklob plants, Erolcha


Innate Abilities, Weirdness & Mutations

You have a pair of antennae on your head.
You have a somewhat thin skeletal structure. (Dex +2, Stealth)
You regenerate health from kills.
When hurt, damage is shared between your health and your magic reserves.
You regenerate magic rapidly.
When low on magic, you restore magic in place of health.


Message History

The starspawn tentacle loses its grip on you.
The tentacled starspawn is almost destroyed.
You barely miss the starspawn tentacle.
You hit the starspawn tentacle but do no damage.
The tentacled starspawn bites you!
* * * LOW HITPOINT WARNING * * *
The tentacled starspawn engulfs you!
* * * LOW HITPOINT WARNING * * *
You hit the tentacled starspawn.
The tentacled starspawn is almost destroyed.
You slash the starspawn tentacle!
You hit the starspawn tentacle but do no damage.
The starspawn tentacle grabs you. The starspawn tentacle constricts you.
You barely miss the tentacled starspawn.
The starspawn tentacle loses its grip on you.
The tentacled starspawn is almost destroyed.
You hit the starspawn tentacle. x2
You block the tentacled starspawn's attack.
The tentacled starspawn engulfs you!
You die...

. ☼ . # . #
#○#. . . #.. .
# . ..# #.R .#
. . . .# .#.##
# . ..# # #..
#.### # #..
######.w###.#.#
..
##....#.@X....#
. # #. #
#..#.w#..## . #
#.#....# ..#
..# #.#.##..# .
.# # ...
#..#.## [ #.
#..##.. #
#.#.#.#.... . .
.#...... . ##.#
#§§ ...


You could see a tentacled starspawn, an efreet and 2 starspawn tentacles.

Vanquished Creatures
  Harold (D:8)
  A centaur warrior (D:11)
  Erica (D:8)
  2 two-headed ogres (D:9)
  A death knight (D:11)
  Pikel (D:8)
  3 ugly things (D:11)
  2 centaur zombies
  A smoke demon (Abyss:2)
  A gargoyle (D:11)
  A queen bee (D:11)
  A troll (D:11)
  A large abomination (Abyss:2)
  4 hippogriffs
  A flying skull (Abyss:2)
  Sigmund (D:2)
  4 wraiths
  7 yaks
  A catoblepas simulacrum (Abyss:2)
  A neqoxec (Abyss:2)
  A hungry ghost (D:9)
  Menkaure (Ossuary)
  3 sky beasts
  An ice beast (D:5)
  4 porcupines (D:8)
  3 black bears
  4 orc warriors
  4 phantoms
  4 ogres
  3 centaurs
  A crocodile (D:8)
  A small abomination (Abyss:2)
  3 big kobolds
  9 bullfrogs
  A troll zombie (D:9)
  3 scorpions
  35 killer bees (D:11)
  9 wights
  A howler monkey (D:11)
  A bullfrog zombie (D:5)
  7 starcursed masses (Abyss:2)
  5 crimson imps
  6 jellies
  3 bullfrog skeletons
  6 hounds
  9 orc priests
  2 centaur skeletons
  6 orc wizards
  Jessica (D:2)
  3 iguanas
  Natasha (thrice) (D:2)
  3 worker ants
  7 ogre zombies (D:9)
  A hound skeleton (D:4)
  5 mummies
  3 worker ant zombies
  A howler monkey zombie (D:7)
  A gnoll (D:1)
  A howler monkey skeleton (D:4)
  13 adders
  3 shadow imps
  2 oozes
  2 adder skeletons
  5 worms
  3 dart slugs
  3 leopard geckos
  30 orcs
  7 bats
  3 giant cockroaches
  4 gnoll zombies (Ossuary)
  13 hobgoblins
  10 jackals
  21 kobolds
  5 quokkas
  2 ball pythons (D:4)
  7 frilled lizards
  7 gnoll skeletons (Ossuary)
  8 goblins
  9 goblin skeletons
  7 goblin zombies
  4 hobgoblin skeletons
  7 hobgoblin zombies
  A jackal skeleton (D:6)
  5 kobold skeletons (Ossuary)
  3 kobold zombies (Ossuary)
  A leopard gecko skeleton (D:5)
  6 orc skeletons
  18 orc zombies
  3 quokka skeletons
  4 rats
  3 rat skeletons (Ossuary)
  A rat zombie (Ossuary)
  A fungus (D:8)
  A plant (D:8)
423 creatures vanquished.

Vanquished Creatures (others)
  Maurice (D:8)
  A slave (D:8)
  A centaur (D:10)
  A bullfrog (D:8)
  An orc priest (D:8)
  A leopard gecko (D:8)
  A goblin zombie (Ossuary)
7 creatures vanquished.

Grand Total: 430 creatures vanquished

Notes
Turn   | Place    | Note
-------+----------+-------------------------------------------
     0 | D:1      | galech the Demonspawn Fighter began the quest for the Orb.
     0 | D:1      | Reached XP level 1. HP: 18/18 MP: 1/1
   213 | D:1      | Gained mutation: You regenerate a little health from kills.
                  | [demonic ancestry]
   213 | D:1      | Reached XP level 2. HP: 10/24 MP: 2/2
   626 | D:1      | Reached skill level 2 in Axes
   787 | D:1      | Gained mutation: You regenerate health from kills. [demonic
                  | ancestry]
   787 | D:1      | Reached XP level 3. HP: 18/29 MP: 3/3
  1660 | D:2      | Found an ornate altar of the Wu Jian Council.
  1696 | D:2      | Gained mutation: You have a pair of small antennae on your
                  | head. [demonic ancestry]
  1696 | D:2      | Reached XP level 4. HP: 25/37 MP: 4/4
  1712 | D:2      | Gained mutation: You have a somewhat thin skeletal
                  | structure. (Dex +2, Stealth) [demonic ancestry]
  1712 | D:2      | Reached XP level 5. HP: 36/42 MP: 5/5
  1865 | D:2      | Noticed Jessica
  1870 | D:2      | Killed Jessica
  1870 | D:2      | Reached skill level 3 in Axes
  1875 | D:2      | Noticed Sigmund
  1893 | D:2      | Killed Sigmund
  1893 | D:2      | Reached skill level 1 in Dodging
  1893 | D:2      | Gained mutation: When hurt, damage is shared between your
                  | health and your magic reserves. [demonic ancestry]
  1893 | D:2      | Reached XP level 6. HP: 47/48 MP: 6/6
  2010 | D:2      | Noticed Natasha
  2015 | D:2      | Killed Natasha
  2026 | D:2      | Noticed Natasha
  2037 | D:2      | Killed Natasha
  2083 | D:2      | Noticed Natasha
  2094 | D:2      | Killed Natasha
  2412 | D:3      | Found a sacrificial altar of Ru.
  2616 | D:3      | Reached skill level 4 in Axes
  2623 | D:3      | Found a faded altar of an unknown god.
  2623 | D:3      | Found an ancient bone altar of Kikubaaqudgha.
  2628 | D:3      | Found a hide-covered altar of Uskayaw.
  2630 | D:3      | Found a glowing golden altar of the Shining One.
  2632 | D:3      | Found a hazy altar of Hepliaklqana.
  3301 | D:4      | Gained mutation: You regenerate magic rapidly. [demonic
                  | ancestry]
  3301 | D:4      | Reached XP level 7. HP: 55/55 MP: 7/7
  3693 | D:4      | Reached skill level 1 in Stealth
  4060 | D:5      | Entered Level 5 of the Dungeon
  4198 | D:5      | Found an iron altar of Okawaru.
  4530 | D:5      | Reached skill level 5 in Axes
  4533 | D:5      | Became a worshipper of Warmaster Okawaru
  4604 | D:5      | Reached skill level 5 in Armour
  4604 | D:5      | Reached XP level 8. HP: 47/61 MP: 8/8
  4678 | D:5      | Found an opulent altar of Gozag.
  5301 | D:5      | Found a white marble altar of Elyvilon.
  5749 | D:6      | Found a runed translucent gate.
  5750 | D:6      | Found a runed translucent gate.
  5750 | D:6      | Found a runed translucent gate.
  5787 | D:6      | Reached * piety under Okawaru
  5800 | D:6      | Reached skill level 5 in Fighting
  5800 | D:6      | Reached skill level 6 in Axes
  6072 | D:6      | Noticed PeterLawrence's ghost (novice MiFi)
  6412 | D:7      | Found a staircase to the Ecumenical Temple.
  6674 | D:7      | Found a runed translucent gate.
  6675 | D:7      | Found a runed translucent gate.
  6676 | D:7      | Found a runed translucent gate.
  6678 | D:7      | Noticed psellion's ghost (novice MiHu)
  6796 | D:7      | Reached skill level 5 in Shields
  6799 | D:7      | Reached skill level 7 in Axes
  7033 | D:8      | Gained mutation: When low on magic, you restore magic in
                  | place of health. [demonic ancestry]
  7033 | D:8      | Reached XP level 9. HP: 61/68 MP: 7/9
  7049 | D:8      | Noticed Pikel
  7052 | D:8      | Reached ** piety under Okawaru
  7063 | D:8      | Killed Pikel
  7066 | D:8      | Reached *** piety under Okawaru
  7078 | D:8      | Noticed Harold
  7104 | D:8      | Killed Harold
  7104 | D:8      | Reached skill level 8 in Axes
  7412 | D:8      | Found a staircase to the Lair.
  7427 | D:8      | Gained mutation: You have a pair of antennae on your head.
                  | [demonic ancestry]
  7427 | D:8      | Reached XP level 10. HP: 70/76 MP: 10/10
  7488 | D:8      | Noticed Maurice
  7495 | D:8      | Killed Maurice
  7571 | D:8      | Found a sand-covered staircase.
  7580 | Ossuary  | Entered an ossuary
  7846 | Ossuary  | Noticed Menkaure
  7859 | Ossuary  | Killed Menkaure
  7989 | D:8      | Noticed Erica
  8004 | D:8      | Killed Erica
  8004 | D:8      | Reached **** piety under Okawaru
  8004 | D:8      | Reached skill level 9 in Axes
  8062 | D:8      | Noticed an ice statue
  8162 | D:8      | Found Jiyseu's General Store.
  8170 | D:8      | Bought a potion of curing for 36 gold pieces
  8170 | D:8      | Bought a potion of curing for 36 gold pieces
  8202 | D:9      | Found Otune's Armour Shop.
  8202 | D:9      | Noticed a two-headed ogre
  8211 | D:9      | Killed a two-headed ogre
  8211 | D:9      | Reached ***** piety under Okawaru
  8388 | D:9      | Found a shattered altar of Ashenzari.
  8608 | D:9      | Found a staircase to the Orcish Mines.
  8643 | D:9      | Received a gift from Okawaru
  8643 | D:9      | Reached skill level 10 in Axes
  8702 | D:9      | Noticed a two-headed ogre
  8720 | D:9      | Killed a two-headed ogre
  8964 | D:9      | Found Qoidghadu's Book Emporium.
  9062 | D:9      | Reached XP level 11. HP: 84/84 MP: 11/11
  9251 | D:9      | Found Mohayhat's Gadget Boutique.
  9257 | D:9      | Bought a wand of digging (7) for 308 gold pieces
  9277 | D:9      | Found a shimmering altar of Xom.
  9413 | D:10     | Entered Level 10 of the Dungeon
  9597 | D:10     | Found a transporter.
  9614 | D:10     | Found a transporter.
  9628 | D:10     | Noticed likster's ghost (novice MiFi)
  9705 | D:10     | Reached ****** piety under Okawaru
 10053 | D:10     | Received a gift from Okawaru
 10059 | D:10     | Got a smoking demon whip {god gift}
 10060 | D:10     | Identified the +7 demon whip of the Spheres {protect, MR+}
                  | (Okawaru gifted it to you on level 10 of the Dungeon)
 10226 | D:11     | Noticed a centaur warrior
 10236 | D:11     | Killed a centaur warrior
 10236 | D:11     | Reached skill level 11 in Axes
 10265 | D:11     | Noticed a green ugly thing
 10272 | D:11     | Noticed a red ugly thing
 10273 | D:11     | Noticed a green ugly thing
 10293 | D:11     | Noticed a death knight
 10301 | D:11     | Killed a red ugly thing
 10301 | D:11     | Received a gift from Okawaru
 10327 | D:11     | Killed a red ugly thing
 10343 | D:11     | Killed a death knight
 10343 | D:11     | Reached skill level 1 in Invocations
 10357 | D:11     | Killed a purple ugly thing
 10370 | D:11     | Reached XP level 12. HP: 92/94 MP: 12/12
 10392 | D:11     | Reached skill level 12 in Axes
 10633 | D:11     | Noticed Erolcha
 10634 | D:11     | Cast into level 2 of the Abyss (Erolcha)
 10683 | Abyss:2  | Noticed a starcursed mass
 10685 | Abyss:2  | Paralysed by accursed screaming for 1 turns
 10703 | Abyss:2  | Killed a starcursed mass
 10814 | Abyss:2  | Noticed a tentacled starspawn
 10827 | Abyss:2  | Slain by a tentacled starspawn

Levels and vault maps discovered:
D:1:      sevenhm_arrival_forest_fort_large_2, layout_basic
D:2:      layout_basic, marbit_many_paths, minmay_unequal, uniq_sigmund,
          uniq_jessica, uniq_natasha
D:3:      layout_basic, nicolae_ru_great_annihilating_truth,
          chequers_temple_overflow_minitemple
D:4:      layout_loops_ring, hangedman_decor_push
D:5:      mumra_celtic_spiral_tile, layout_basic, old_standard_altar,
          nicolae_overflow_crystal_walls, okawaru_ov_weapons_minmay,
          first_ration, serial_rivers, chequers_serial_rivers_marsh,
          chequers_serial_rivers_room_b, chequers_serial_rivers_micro_b,
          chequers_serial_rivers_micro_e, chequers_serial_rivers_marsh,
          chequers_serial_rivers_small_a
D:6:      layout_rooms, gammafunk_ghost_icy
D:7:      layout_loops_ring, minmay_temple_entry_purple_smoke, serial_glass,
          glass_columns_a, glass_columns_b, ebering_ghost_rock_garden
D:8:      lemuel_ice_statue, layout_cave_pools, due_lair_maze_entry_diamond,
          chequers_ossuary_entry_cave, serial_shops, nicolae_shop_crystal,
          uniq_harold, uniq_maurice, uniq_erica, uniq_pikel
D:9:      layout_long_grid, lemuel_round_altar, kennysheep_mini_moat,
          zombieorc2_lemuel, serial_shops, nicolae_shop_statue_plus,
          nicolae_shop_trees, nicolae_shop_window_shopping
D:10:     minmay_goldmine, layout_cave_pools, gammafunk_ghost_hive,
          serial_undead, serial_undead_e, serial_undead_c, serial_undead_c,
          serial_undead_c
D:11:     hangedman_what_comes_after_a, layout_stronghold, uniq_erolcha
Abyss:2

Skill      XL: |  1  2  3  4  5  6  7  8  9 10 11 12 |
---------------+-------------------------------------+-----
Armour         | 3 4 5 6 7 8 |  8.1
Axes           | 2 3 4 5 7 8 10 11 12 | 12.4
Shields        | 3 4 5 6 7 8 9 |  9.2
Fighting       | 4 5 6 7 8 |  8.7
Dodging        | 1 2 |  2.5
Stealth        | 1 |  1.5
Invocations    | 1 |  1.2

Action                   |  1- 3 |  4- 6 |  7- 9 | 10-12 || total
-------------------------+-------+-------+-------+-------++-------
Melee: War axe           |     8 |       |       |       ||     8
       Hand axe          |    92 |   125 |   265 |   757 ||  1239
Invok: Heroism           |       |       |     1 |     5 ||     6
  Use: Scroll            |       |       |    10 |     6 ||    16
 Stab: Paralysed         |       |     2 |       |       ||     2
  Eat: Chunk             |     3 |     4 |    11 |    12 ||    30
       Ration            |       |       |     1 |       ||     1
Armor: Scale mail        |    54 |    48 |     2 |       ||   104
       Chain mail        |       |       |    27 |       ||    27
       Plate armour      |       |       |    65 |   328 ||   393
Dodge: Dodged            |    22 |    39 |    50 |   128 ||   239
Block: Shield            |    37 |    53 |   145 |   491 ||   726
       Reflection        |       |       |     1 |    20 ||    21

Table legend:
 A = Non-vault XP
 B = Vault XP
 C = Vault XP percentage of total XP
 D = Non-vault monster count
 E = Vault monster count
 F = Vault count percentage of total count
                 A         B        C        D         E       F
            +---------+---------+-------+---------+---------+-------
      Total |   12801 |   13856 |  52.0 |     243 |     177 |  42.1
            +---------+---------+-------+---------+---------+-------
        D:1 |      68 |       0 |   0.0 |      28 |       0 |   0.0
        D:2 |     275 |     303 |  52.4 |      33 |       5 |  13.2
        D:3 |      57 |       8 |  12.3 |      11 |       4 |  26.7
        D:4 |     476 |       0 |   0.0 |      25 |       0 |   0.0
        D:5 |     608 |       0 |   0.0 |      17 |       0 |   0.0
        D:6 |     574 |       0 |   0.0 |      18 |       0 |   0.0
        D:7 |     346 |       0 |   0.0 |       9 |       0 |   0.0
        D:8 |     609 |    3616 |  85.6 |      18 |      13 |  41.9
        D:9 |    3306 |     781 |  19.1 |      25 |      36 |  59.0
       D:10 |    2648 |     966 |  26.7 |      38 |      15 |  28.3
       D:11 |    1416 |    7920 |  84.8 |       8 |      54 |  87.1
    Abyss:2 |    2418 |       0 |   0.0 |      13 |       0 |   0.0
    Ossuary |       0 |     262 | 100.0 |       0 |      50 | 100.0
            +---------+---------+-------+---------+---------+-------
